BSA
JERSEY SHORE D-BAGS @ GREENVILLE 84S
09/28/2025
 
TOP OF THE 1ST
Jersey Shore D-Bags batting - Pitching for Greenville 84s : RHP Andrés Vázquez
Pitching: RHP Andrés Vázquez
Batting: RHB Ricardo González 0-0: Called Strike
0-1: Foul Ball, location: 2F
0-2: Ball
1-2: Ball
2-2: Ball
3-2: Fly out, F7 (Flyball, 7D)
Batting: RHB Millard Boyd 0-0: Swinging Strike
0-1: Ball
1-1: Foul Ball, location: 2F
1-2: Ball
2-2: Strikes out looking
Batting: LHB Pat Zimmerman 0-0: Fly out, F7 (Flyball, 7LM)
Top of the 1st over - 0 run(s), 0 hit(s), 0 error(s), 0 left on base; Jersey Shore 0 - Greenville 0
BOTTOM OF THE 1ST
Greenville 84s batting - Pitching for Jersey Shore D-Bags : RHP Sergio Martínez
Pitching: RHP Sergio Martínez
Batting: RHB Carlos Torres 0-0: Bunt for hit - play at first, batter OUT! 2-3
Batting: LHB Chris Moore 0-0: Ball
1-0: Ball
2-0: Ball
3-0: Base on Balls
Batting: RHB Enzo Díaz 0-0: Ball
1-0: Ball
2-0: Ball
3-0: Base on Balls
Chris Moore to second
Batting: LHB Jimmy Vickers 0-0: Called Strike
0-1: Ball
1-1: Ball
2-1: Ball
3-1: Called Strike
3-2: Fly out, F4 (Popup, 4M)
Batting: LHB Paco Rosas 0-0: Ball
1-0: Ball
2-0: Ball
3-0: Called Strike
3-1: Foul Ball, location: 2F
3-2: Foul Ball, location: 2F
3-2: Strikes out looking
Bottom of the 1st over - 0 run(s), 0 hit(s), 0 error(s), 2 left on base; Jersey Shore 0 - Greenville 0
TOP OF THE 2ND
Jersey Shore D-Bags batting - Pitching for Greenville 84s : RHP Andrés Vázquez
Batting: LHB Dave Dodd 0-0: Ball
1-0: Swinging Strike
1-1: Called Strike
1-2: Foul Ball, location: 2F
1-2: Fly out, F7 (Flyball, 7D)
Batting: SHB Tadahisa Kisuki 0-0: Ball
1-0: SINGLE (Line Drive, 89S)
Batting: LHB Albert Morgan 0-0: Ball
1-0: Called Strike
1-1: Ground out 4-3 (Groundball, 13)
Tadahisa Kisuki to second
Batting: RHB Miguel Serna 0-0: SINGLE (Groundball, 56D)
Tadahisa Kisuki to third
Runner from 3rd tries for Home, SAFE, no throw or cutoff
Batting: RHB Cy Keynes 0-0: Called Strike
0-1: Ball
1-1: Called Strike
1-2: DOUBLE (Flyball, 9LD)
Miguel Serna to third
Runner from 3rd tries for Home, SAFE, no throw or cutoff
Batting: RHB Luis Ríos 0-0: Ball
1-0: Swinging Strike
1-1: Ball
2-1: Ball
3-1: Base on Balls
Batting: RHB Ricardo González 0-0: Ball
1-0: Called Strike
1-1: Ball
2-1: Ball
3-1: Fielders Choice at 2nd, U4 (Groundball, 4M)
Top of the 2nd over - 2 run(s), 3 hit(s), 0 error(s), 2 left on base; Jersey Shore 2 - Greenville 0
BOTTOM OF THE 2ND
Greenville 84s batting - Pitching for Jersey Shore D-Bags : RHP Sergio Martínez
Batting: LHB Kiyonaga Morita 0-0: Called Strike
0-1: Ball
1-1: Foul Ball, location: 2F
1-2: Ground out 4-3 (Groundball, 4)
Batting: LHB José Costa 0-0: Ball
1-0: Ball
2-0: Called Strike
2-1: Ground out 5-3 (Groundball, 5)
Batting: LHB Brock Larsen 0-0: Called Strike
0-1: Ground out U3 (Groundball, 3)
Bottom of the 2nd over - 0 run(s), 0 hit(s), 0 error(s), 0 left on base; Jersey Shore 2 - Greenville 0
TOP OF THE 3RD
Jersey Shore D-Bags batting - Pitching for Greenville 84s : RHP Andrés Vázquez
Batting: RHB Millard Boyd 0-0: Ball
1-0: Called Strike
1-1: Called Strike
1-2: Ground out 5-3 (Groundball, 56S)
Batting: LHB Pat Zimmerman 0-0: Ball
1-0: SINGLE (Flyball, 7S)
Batting: LHB Dave Dodd 0-0: Ball
Pat Zimmerman steals 2nd base
1-0: Ball
2-0: Foul Ball, location: 2F
2-1: Called Strike
2-2: Hit by Pitch
Batting: SHB Tadahisa Kisuki 0-0: Grounds into double play, 3-6-3 (Groundball, 3)
Top of the 3rd over - 0 run(s), 1 hit(s), 0 error(s), 1 left on base; Jersey Shore 2 - Greenville 0
BOTTOM OF THE 3RD
Greenville 84s batting - Pitching for Jersey Shore D-Bags : RHP Sergio Martínez
Batting: LHB Mario Cornelo 0-0: Ball
1-0: Ground out 6-3 (Groundball, 6M)
Batting: RHB Carlos Torres 0-0: Called Strike
0-1: Fly out, F9 (Line Drive, 89D)
Batting: LHB Chris Moore 0-0: Called Strike
0-1: Ball
1-1: Foul Ball, location: 2F
1-2: Ball
2-2: SINGLE (Flyball, 6MD)
Batting: RHB Enzo Díaz 0-0: Ball
1-0: Ball
2-0: Ball
3-0: Base on Balls
Chris Moore to second
Batting: LHB Jimmy Vickers 0-0: Ball
1-0: Ground out 1-3 (Groundball, 15S)
Bottom of the 3rd over - 0 run(s), 1 hit(s), 0 error(s), 2 left on base; Jersey Shore 2 - Greenville 0
TOP OF THE 4TH
Jersey Shore D-Bags batting - Pitching for Greenville 84s : RHP Andrés Vázquez
Batting: LHB Albert Morgan 0-0: Called Strike
0-1: Ball
1-1: Ball
2-1: Called Strike
2-2: Foul Ball, location: 2F
2-2: Foul Ball, location: 2F
2-2: DOUBLE (Flyball, 8LXD)
Batting: RHB Miguel Serna 0-0: Ball
1-0: Ball
2-0: Foul Ball, location: 2F
2-1: Ground out 1-3 (Groundball, 15)
Batting: RHB Cy Keynes 0-0: Called Strike
0-1: Ball
Albert Morgan steals 3rd base
1-1: Ground out 6-3 (Groundball, 6M)
Albert Morgan scores
Batting: RHB Luis Ríos 0-0: Called Strike
0-1: Ball
1-1: Swinging Strike
1-2: Strikes out swinging
Top of the 4th over - 1 run(s), 1 hit(s), 0 error(s), 0 left on base; Jersey Shore 3 - Greenville 0
BOTTOM OF THE 4TH
Greenville 84s batting - Pitching for Jersey Shore D-Bags : RHP Sergio Martínez
Batting: LHB Paco Rosas 0-0: Called Strike
0-1: Foul Ball, location: 2F
0-2: Foul Ball, location: 2F
0-2: Ball
1-2: Ball
2-2: Foul Ball, location: 2F
2-2: Ball
3-2: Ground out 4-3 (Groundball, 4M)
Batting: LHB Kiyonaga Morita 0-0: Ball
1-0: Foul Ball, location: 2F
1-1: Ground out U3 (Groundball, 3S)
Batting: LHB José Costa 0-0: Called Strike
0-1: Ball
1-1: Foul Ball, location: 2F
1-2: Ball
2-2: Strikes out swinging
Bottom of the 4th over - 0 run(s), 0 hit(s), 0 error(s), 0 left on base; Jersey Shore 3 - Greenville 0
TOP OF THE 5TH
Jersey Shore D-Bags batting - Pitching for Greenville 84s : RHP Andrés Vázquez
Batting: RHB Ricardo González 0-0: Called Strike
0-1: Ground out 6-3 (Groundball, 6)
Batting: RHB Millard Boyd 0-0: Called Strike
0-1: Called Strike
0-2: Ball
1-2: Ground out 6-3 (Groundball, 6)
Batting: LHB Pat Zimmerman 0-0: Ball
1-0: Foul Ball, location: 2F
1-1: Swinging Strike
1-2: Ground out 1-3 (Groundball, 15S)
Top of the 5th over - 0 run(s), 0 hit(s), 0 error(s), 0 left on base; Jersey Shore 3 - Greenville 0
BOTTOM OF THE 5TH
Greenville 84s batting - Pitching for Jersey Shore D-Bags : RHP Sergio Martínez
Batting: LHB Brock Larsen 0-0: Ground out 4-3 (Groundball, 34)
Batting: LHB Mario Cornelo 0-0: Ball
1-0: Foul Ball, location: 2F
1-1: SINGLE (Line Drive, 78S)
Batting: RHB Carlos Torres 0-0: Called Strike
0-1: Ball
1-1: Foul Ball, location: 2F
1-2: Ball
2-2: Ball
3-2: Foul Ball, location: 2F
3-2: Fielders Choice at 2nd, 1-6 (Groundball, 13S)
Batting: LHB Chris Moore 0-0: Called Strike
0-1: Ball
1-1: Swinging Strike
1-2: Ball
2-2: Foul Ball, location: 2F
2-2: Foul Ball, location: 2F
2-2: Foul Ball, location: 2F
2-2: Fly out, F7 (Flyball, 7S)
Bottom of the 5th over - 0 run(s), 1 hit(s), 0 error(s), 1 left on base; Jersey Shore 3 - Greenville 0
TOP OF THE 6TH
Jersey Shore D-Bags batting - Pitching for Greenville 84s : RHP Andrés Vázquez
Batting: LHB Dave Dodd 0-0: Fly out, F7 (Flyball, 78D)
Batting: SHB Tadahisa Kisuki 0-0: Swinging Strike
0-1: Fly out, F7 (Flyball, 7LM)
Batting: LHB Albert Morgan 0-0: Swinging Strike
0-1: Ball
1-1: Swinging Strike
1-2: Ball
2-2: Strikes out swinging
Top of the 6th over - 0 run(s), 0 hit(s), 0 error(s), 0 left on base; Jersey Shore 3 - Greenville 0
BOTTOM OF THE 6TH
Greenville 84s batting - Pitching for Jersey Shore D-Bags : RHP Sergio Martínez
Batting: RHB Enzo Díaz 0-0: Ball
1-0: Called Strike
1-1: Ball
2-1: Foul Ball, location: 2F
2-2: Foul Ball, location: 2F
2-2: Fly out, F7 (Flyball, 7D)
Batting: LHB Jimmy Vickers 0-0: Called Strike
0-1: Ball
1-1: Called Strike
1-2: Foul Ball, location: 2F
1-2: Strikes out looking
Batting: LHB Paco Rosas 0-0: Ball
1-0: Swinging Strike
1-1: Ball
2-1: Called Strike
2-2: Ball
3-2: Fly out, F8 (Flyball, 8RXD)
Bottom of the 6th over - 0 run(s), 0 hit(s), 0 error(s), 0 left on base; Jersey Shore 3 - Greenville 0
TOP OF THE 7TH
Jersey Shore D-Bags batting - Pitching for Greenville 84s : RHP Andrés Vázquez
Pitching: RHP Dave Smith
Batting: RHB Miguel Serna 0-0: Ball
1-0: Ground out 3-1 (Groundball, 34)
Batting: RHB Cy Keynes 0-0: Ball
1-0: Called Strike
1-1: Fly out, F8 (Flyball, 8RS)
Batting: RHB Luis Ríos 0-0: Swinging Strike
0-1: DOUBLE (Flyball, 7D)
Batting: RHB Ricardo González 0-0: Ball
1-0: Ball
2-0: Called Strike
2-1: Foul Ball, location: 2F
2-2: Foul Ball, location: 2F
2-2: Ball
3-2: Foul Ball, location: 2F
3-2: Ground out 1-3 (Groundball, 13)
Top of the 7th over - 0 run(s), 1 hit(s), 0 error(s), 1 left on base; Jersey Shore 3 - Greenville 0
BOTTOM OF THE 7TH
Greenville 84s batting - Pitching for Jersey Shore D-Bags : RHP Sergio Martínez
Batting: LHB Kiyonaga Morita 0-0: Ball
1-0: Foul Ball, location: 2F
1-1: Foul Ball, location: 2F
1-2: Foul Ball, location: 2F
1-2: Ground out U3 (Groundball, 3L)
Batting: LHB José Costa 0-0: Foul Ball, location: 2F
0-1: Called Strike
0-2: SINGLE (Groundball, 56D)
Pitching: LHP Hyo-chin Kim
Batting: LHB Brock Larsen 0-0: Ball
1-0: Called Strike
1-1: Grounds into double play, 6-4-3 (Groundball, 6)
Bottom of the 7th over - 0 run(s), 1 hit(s), 0 error(s), 0 left on base; Jersey Shore 3 - Greenville 0
TOP OF THE 8TH
Jersey Shore D-Bags batting - Pitching for Greenville 84s : RHP Dave Smith
Batting: RHB Millard Boyd 0-0: Called Strike
0-1: Ball
1-1: Swinging Strike
1-2: Strikes out looking
Batting: LHB Pat Zimmerman 0-0: Ball
1-0: Ground out 4-3 (Groundball, 4)
Batting: LHB Dave Dodd 0-0: Called Strike
0-1: Called Strike
0-2: Strikes out swinging
Top of the 8th over - 0 run(s), 0 hit(s), 0 error(s), 0 left on base; Jersey Shore 3 - Greenville 0
BOTTOM OF THE 8TH
Greenville 84s batting - Pitching for Jersey Shore D-Bags : LHP Hyo-chin Kim
Now in RF: Dave Watt
Batting: LHB Mario Cornelo 0-0: Swinging Strike
0-1: Swinging Strike
0-2: Foul Ball, location: 2F
0-2: Foul Ball, location: 2F
0-2: Strikes out swinging, 2-3 out at first.
Batting: RHB Carlos Torres 0-0: Ball
1-0: Ball
2-0: Called Strike
2-1: Ball
3-1: Ground out 5-3 (Groundball, 56)
Batting: LHB Chris Moore 0-0: Foul Ball, location: 2F
0-1: Foul Ball, location: 2F
0-2: Foul Ball, location: 2F
0-2: Foul Ball, location: 2F
0-2: SOLO HOME RUN (Flyball, 9LD), Distance : 343 ft
Batting: RHB Enzo Díaz 0-0: Ball
1-0: Ball
2-0: Called Strike
2-1: Foul Ball, location: 2F
2-2: Ball
3-2: Foul Ball, location: 2F
3-2: SINGLE (Line Drive, 6MD)
Batting: LHB Jimmy Vickers 0-0: Ball
1-0: Fly out, F9 (Line Drive, 9M)
Bottom of the 8th over - 1 run(s), 2 hit(s), 0 error(s), 1 left on base; Jersey Shore 3 - Greenville 1
TOP OF THE 9TH
Jersey Shore D-Bags batting - Pitching for Greenville 84s : RHP Dave Smith
Pitching: LHP Francisco Ríos
Batting: SHB Tadahisa Kisuki 0-0: Foul Ball, location: 2F
0-1: Foul Ball, location: 2F
0-2: Ball
1-2: Ball
2-2: Foul Ball, location: 2F
2-2: Strikes out swinging
Batting: LHB Albert Morgan 0-0: Ball
1-0: Ball
2-0: Ground out 6-3 (Groundball, 6M)
Batting: RHB Miguel Serna 0-0: Called Strike
0-1: SINGLE (Groundball, 34D)
Batting: RHB Cy Keynes 0-0: Ball
1-0: Called Strike
1-1: Called Strike
1-2: Ball
2-2: Strikes out swinging
Top of the 9th over - 0 run(s), 1 hit(s), 0 error(s), 1 left on base; Jersey Shore 3 - Greenville 1
BOTTOM OF THE 9TH
Greenville 84s batting - Pitching for Jersey Shore D-Bags : LHP Hyo-chin Kim
Pitching: LHP Gerald Johnson
Batting: LHB Paco Rosas 0-0: Called Strike
0-1: Ball
1-1: Ball
2-1: Swinging Strike
2-2: Strikes out swinging
Batting: LHB Kiyonaga Morita 0-0: Ball
1-0: Foul Ball, location: 2F
1-1: Fly out, F4 (Popup, 3DF)
Batting: LHB José Costa 0-0: Called Strike
0-1: Swinging Strike
0-2: Ball
1-2: Foul Ball, location: 2F
1-2: Strikes out looking
Bottom of the 9th over - 0 run(s), 0 hit(s), 0 error(s), 0 left on base; Jersey Shore 3 - Greenville 1
This league is powered by Out of the Park Baseball, the baseball management simulation game for PC, Mac and Linux
Tuesday, August 2nd, 2016 - OOTP Baseball 16.8 Build 38